AoeStats
← dguanying

Arabia

510716176Analyzed
1v1 RM · 23h ago on Oct 2, 2026· 31m 34s· 2 players
Game mode
Random Map
Map size
Tiny (2 player)
Population
200
Speed
Normal
Resources
Standard
Victory
Conquest
Starting age
Dark Age
Ending age
Imperial Age
RankedLock teamsTeams togetherTeam positionsShared explorationLock speedFull tech treeHidden civsTurbo modeCheats
Victory
Defeat
🇹🇼 Mongols · Taiwan
1290
+14
🇩🇪 Danes · Germany
1256
-14
LeoKiller225910
1:40 Loom
10:07 Feudal Age
10:19 Man-at-Arms
15:48 Fletching
25:08 Castle Age
24:26 Double-Bit Axe
26:32 Scale Mail Armor
28:09 Gold Mining
30:27 Town Watch
dguanying
5:31 Loom
8:14 Feudal Age
9:21 Double-Bit Axe
15:45 Fletching
24:11 Castle Age
23:03 Horse Collar
24:58 Bloodlines
25:00 Scale Barding Armor
27:47 Chain Barding Armor
28:22 Husbandry
29:23 Light Cavalry
30:44 Bodkin Arrow
Connection lost

Rejoining the realm…

Still unreachable

The connection could not be restored.

Session expired

The server has moved on; the page needs a fresh start.